 Dungeon Crawl Stone Soup version 0.15-a0-717-ga3c592f (webtiles) character file.

462 MrRokkomies the Jinx (level 6, -6/41 HPs)
             Began as a Vampire Enchanter on May 10, 2014.
             Shot with an arrow by a centaur (11 damage)
             ... on Level 5 of the Dungeon.
             The game lasted 00:12:43 (4551 turns).

MrRokkomies the Jinx (Vampire Enchanter)            Turns: 4551, Time: 00:12:43

HP  -6/41        AC  8     Str  8      XL: 6   Next: 79%
MP   0/19        EV 12     Int 18      God:
Gold 145         SH  0     Dex 14      Spells:  4 memorised,  0 levels left

rFire  + . .     SeeInvis +     p - +2 dagger (protect)
rCold  + + .     Clarity  .     b - +1 robe
rNeg   + + +     Conserve .     (no shield)
rPois  +         rCorr    .     (no helmet)
rElec  .         rRot     +     (no cloak)
SustAb . .       Spirit   .     (no gloves)
rMut   .         Warding  .     (no boots)
Gourm  .         Stasis   .     (no amulet)
MR     .....                    r - ring of magical power
                                l - ring of protection from fire

@: regenerating slowly, not resistant to hostile enchantments, fairly stealthy
A: bottle blood, fangs 3, see invisible, unbreathing
a: Bat Form, Bottle Blood


You were on level 5 of the Dungeon.
You were near bloodless.

You visited 1 branch of the dungeon, and saw 5 of its levels.

You collected 145 gold pieces.

Inventory:

Hand weapons
 a - a +1,+2 dagger
 p - a +2,+2 dagger of protection (weapon)
Missiles
 d - 12 darts (quivered)
 t - 5 needles of sleeping
Armour
 b - a +1 robe (worn)
Magical devices
 s - a wand of random effects (16)
Scrolls
 f - 2 scrolls of remove curse {unknown}
 g - 2 scrolls of blinking
 h - 4 scrolls of enchant armour
 k - 2 scrolls of teleportation
 m - 4 scrolls of identify
 o - a scroll of noise {unknown}
 v - a scroll of amnesia
 w - 3 scrolls of magic mapping
Jewellery
 l - a ring of protection from fire (left hand)
 r - a ring of magical power (right hand)
Potions
 e - 3 potions of curing {unknown}
 i - a potion of haste
 j - a potion of poison {unknown}
 n - a potion of agility {unknown}
 q - a potion of resistance {unknown}
 u - a potion of magic {unknown}
Books
 c - a book of Maledictions

   Spells                             Type                      Level
   *Corona                            Hexes                        1
   Sure Blade                         Hexes/Charms                 2
   *Ensorcelled Hibernation           Hexes/Ice                    2
   *Confuse                           Hexes                        3
   *Dazzling Spray                    Conjuration/Hexes            3
   Enslavement                        Hexes                        4


   Skills:
 - Level 5.0 Short Blades
 - Level 0.7 Throwing
 - Level 2.1 Dodging
 + Level 3.1 Stealth
 - Level 2.0 Spellcasting
 + Level 9.0 Hexes


You couldn't memorise any spells.
You knew the following spells:

 Your Spells              Type           Power        Failure   Level  Hunger
a - Corona                Hex            ####...      1%          1    #......
b - Ensorcelled Hibernat  Hex/Ice        ###...       4%          2    ##.....
c - Confuse               Hex            ####....     1%          3    ####...
d - Dazzling Spray        Conj/Hex       ###.....     10%         3    ####...


Dungeon Overview and Level Annotations

Branches:
Dungeon (5/15)
 Temple: D:4-7

Altars:
Fedhas
Nemelex Xobeh

Shops:
D:4 }

Annotations:
D:4 Prince Ribbit


Innate Abilities, Weirdness & Mutations

You heal slowly.
You can bottle blood from corpses.
You have razor-sharp teeth.*
You have supernaturally acute eyesight.
You can survive without breathing.*


Message History

Aim: a centaur, wielding a shortbow The bush is unaffected.
The centaur shoots an arrow.
The arrow closely misses you.
Casting: Confuse
Confirm with . or Enter, or press ? or * to list all spells.
Aiming: Confuse
Press: ? - help, Shift-Dir - straight line, f/p - centaur
Aim: a centaur, wielding a shortbow The bush is unaffected.
The centaur unwields an uncursed shortbow.
The centaur hits the bush but does no damage.
Casting: Confuse
Confirm with . or Enter, or press ? or * to list all spells.
Aiming: Confuse
Press: ? - help, Shift-Dir - straight line, f/p - centaur
Aim: a centaur The bush is unaffected.
The centaur wields an uncursed shortbow.
The centaur shoots an arrow.
The arrow hits you!
You die...

.........#......#
.........#......#
#........######.#
#....#.### #.#
######.#
#.######### # #.#
#.(........
######.#
#.(..$......
...>...#
#######........#
########
#......@(...Z..#
#######........#
.........#
.P.PPP.....
#.P.PcP.###
##PP_PP.#


.PP .. . P . You could see a centaur and a black bear skeleton (confused).

Vanquished Creatures
  A giant frog (D:3)
  An orc priest (D:3)
  An orc wizard (D:3)
  4 worker ants (D:4)
  Ijyb (D:5)
  Terence (D:3)
  7 adders
  4 worms
  A giant gecko (D:2)
  14 orcs
  3 ball pythons
  3 giant cockroaches
  16 hobgoblins
  6 jackals (D:1)
  6 kobolds
  2 quokkas (D:4)
  12 bats
  11 giant newts
  20 goblins
  10 rats
124 creatures vanquished.

Notes
Turn   | Place    | Note
--------------------------------------------------------------
     0 | D:1      | MrRokkomies, the Vampire Enchanter, began the quest for the Orb.
     0 | D:1      | Reached XP level 1. HP: 13/13 MP: 3/3
   201 | D:1      | Reached skill level 5 in Hexes
   203 | D:1      | Reached XP level 2. HP: 19/19 MP: 4/4
   207 | D:1      | Learned a level 2 spell: Ensorcelled Hibernation
   726 | D:1      | Reached XP level 3. HP: 7/24 MP: 0/6
  1385 | D:1      | Reached skill level 6 in Hexes
  2173 | D:3      | Reached XP level 4. HP: 30/30 MP: 7/7
  2178 | D:3      | Learned a level 3 spell: Confuse
  2688 | D:2      | Reached skill level 7 in Hexes
  2744 | D:3      | Reached XP level 5. HP: 24/35 MP: 1/9
  2883 | D:3      | Noticed Terence
  2967 | D:3      | Killed Terence
  3232 | D:3      | Reached skill level 8 in Hexes
  3232 | D:3      | Reached XP level 6. HP: 41/41 MP: 5/10
  3351 | D:3      | Found a sparkling altar of Nemelex Xobeh.
  3402 | D:3      | Learned a level 3 spell: Dazzling Spray
  3694 | D:4      | Noticed Prince Ribbit
  4235 | D:4      | Found Duamuamu's Gadget Shop.
  4397 | D:5      | Entered Level 5 of the Dungeon
  4408 | D:5      | Reached skill level 5 in Short Blades
  4439 | D:5      | Noticed Ijyb
  4459 | D:5      | Killed Ijyb
  4459 | D:5      | Reached skill level 9 in Hexes
  4538 | D:5      | Found a blossoming altar of Fedhas.
  4551 | D:5      | Shot with an arrow by a centaur

Action                   |  1- 3 |  4- 6 || total
-------------------------+-------+-------++-------
Melee: Dagger            |   168 |   219 ||   387
 Cast: Ensorcelled Hiber |     9 |    45 ||    54
       Confuse           |       |     8 ||     8
Evoke: Wand              |       |     1 ||     1
  Use: Scroll            |     9 |       ||     9
 Stab: Sleeping          |    16 |    29 ||    45
